 Dungeon Crawl Stone Soup version 0.18.1-8-gdd0e5ea (webtiles) character file.

8649 Liquid the Spear-Bearer (level 11, -1/87 HPs)
             Began as a Human Fighter on June 3, 2016.
             Was an Elder of Zin.
             Slain by a sky beast (5 damage)
             ... on level 10 of the Dungeon.
             The game lasted 00:31:12 (11877 turns).

Liquid the Spear-Bearer (Human Fighter)            Turns: 11877, Time: 00:31:13

Health: -1/87      AC: 22    Str: 25    XL:     11   Next: 59%
Magic:  15/15      EV: 11    Int:  8    God:    Zin [****..]
Gold:   130        SH: 11    Dex: 18    Spells: 0 memorised, 10 levels left

rFire  . . .     SeeInvis .     a - +1 trident
rCold  + + .     Gourm    .     B - +7 chain mail of the Depths {rPois rC++ Stlth+}
rNeg   . . .     Faith    .     c - +0 shield
rPois  +         Spirit   .     s - +0 helmet
rElec  .         Dismiss  .     y - +0 cloak
rCorr  .         Reflect  .     (no gloves)
SustAt .         Harm     .     u - +0 pair of boots
MR     .....                    (no amulet)
Stlth  +.........               (no ring)
                                (no ring)

@: mighty, agile, about to teleport, not resistant to hostile enchantments, very
unstealthy
A: no striking features
a: Recite, Vitalisation, Imprison, Donate Gold, Renounce Religion


You were on level 10 of the Dungeon.
You worshipped Zin.
Zin was greatly pleased with you.
You were hungry.

You visited 2 branches of the dungeon, and saw 11 of its levels.

You collected 501 gold pieces.
You spent 321 gold pieces at shops.
You donated 50 gold pieces to Zin.

Inventory:

Hand Weapons
 a - a +1 trident (weapon)
Missiles
 i - 3 throwing nets (quivered)
Armour
 c - a +0 shield (worn)
 s - a +0 helmet (worn)
 u - a +0 pair of boots (worn)
 y - a +0 cloak (worn)
 B - the +7 chain mail of the Depths (worn) {rPois rC++ Stlth+}
   (You bought it in a shop on level 4 of the Dungeon)

   It greatly protects you from cold.
   It protects you from poison.
   It makes you more stealthy.
Wands
 d - a wand of iceblast (6/15)
 w - a wand of acid (6/15)
 x - a wand of lightning (8/15)
 F - a wand of confusion (36/48)
Scrolls
 b - 2 scrolls of identify
 g - 5 scrolls of remove curse
 n - 3 scrolls of fear
 q - a scroll of teleportation
Potions
 e - 2 potions of cure mutation
 h - 2 potions of agility
 k - 3 potions of curing
 l - 3 potions of flight
 v - a potion of lignification
 z - a potion of invisibility
 A - a potion of beneficial mutation
Books
 t - a book of Cantrips

   Spells                             Type                      Level
   a - Corona                         Hexes                        1
   b - Animate Skeleton               Necromancy                   1
   c - Summon Small Mammal            Summoning                    1
   d - Apportation                    Translocation                1
Comestibles
 f - 4 bread rations
 o - 14 fruits
 r - 5 meat rations
 C - 6 slices of pizza
 D - a beef jerky


   Skills:
 + Level 8.4 Fighting
 * Level 11.2 Polearms
 + Level 8.3 Armour
 - Level 5.4 Shields
 + Level 6.6 Invocations


You had 10 spell levels left.
You didn't know any spells.

Dungeon Overview and Level Annotations

Branches:
Dungeon (10/15)            Temple (1/1) D:5            Lair (0/8) D:9
    Orc: D:9-12

Altars:
Ashenzari
Cheibriados
Dithmenos
Elyvilon
Fedhas
Gozag
Kikubaaqudgha
Makhleb
Nemelex Xobeh
Okawaru
Pakellas
Qazlal
Ru
Sif Muna
Trog
Vehumet
Xom
Yredelemnul
Zin
The Shining One

Shops:
D:4 [   D:7 *

Annotations:
D:10 roberto's ghost, novice TrMo


Message History

Aim: roberto's ghost (severely damaged)
You closely miss roberto's ghost.
Roberto's ghost is severely damaged.
Roberto's ghost hits you!
* * * LOW HITPOINT WARNING * * *
You open the door.
A sky beast and an ogre come into view.
The ogre shouts!
You block roberto's ghost's attack.
Found a bread ration.
There is an open door here.
The sky beast hits you but does no damage.
Found 12 gold pieces.
You block the sky beast's attack. The ogre closely misses you.
Read which item? (? for menu, Esc to quit)
As you read the scroll of teleportation, it crumbles to dust.
You feel strangely unstable. The sky beast hits you.
* * * LOW HITPOINT WARNING * * *
The sky beast shocks you.
You die...

#.###........ ......
#### #.###....#..(
#...... ###...
#........# .. #..... #
##..... #####...##
.###....... ##......
........# .....# .$.
##.....##
####....######...##...
#....###
.............'....'...
##...###
.###..########.YO##.%
#....##Ds ..........#
#.W@# #...## .Q.
.......##.# #####
#...# .$ #......#
#...# ## #......#
.#####'#######
#.##...#
#..............
#.##...##
#####......####
#..#....# ########
##.#...[# #.#....#


You could see a sky beast, an ogre and roberto's ghost.

Vanquished Creatures
  A hydra (D:9)
  Erolcha (D:9)
  Pikel (D:6)
  A hill giant (D:10)
  A two-headed ogre (D:9)
  A blink frog (D:9)
  2 yaks (D:9)
  A wraith (D:10)
  3 wyverns
  2 hippogriffs
  Menkaure (D:5)
  A porcupine (D:9)
  3 slaves (D:5)
  4 orc warriors
  An ice beast (D:8)
  3 phantoms
  4 sky beasts
  4 ogres
  A necrophage (D:9)
  5 centaurs
  3 big kobolds (D:9)
  9 giant frogs
  4 scorpions
  A killer bee (D:4)
  2 crimson imps (D:7)
  2 centaur zombies
  4 hounds
  A giant frog zombie (D:5)
  6 orc wizards
  A jelly (D:8)
  A quasit (D:8)
  A gnoll shaman (D:4)
  5 orc priests
  A centaur skeleton (D:8)
  A giant frog skeleton (D:10)
  4 iguanas
  Natasha (thrice) (D:2)
  A hell rat (D:9)
  7 worker ants
  4 sheep
  A hound zombie (D:9)
  A worker ant zombie (D:8)
  Robin (D:2)
  15 adders
  13 gnolls
  A river rat (D:9)
  3 shadow imps
  3 oozes
  2 adder skeletons
  3 worms
  A dart slug (D:3)
  3 giant geckos
  22 orcs
  11 bats
  A giant cockroach (D:6)
  12 goblins
  9 hobgoblins
  7 jackals
  10 kobolds
  6 quokkas
  A ball python (D:5)
  A giant gecko zombie (D:8)
  5 giant newts
  A jackal skeleton (D:4)
  A jackal zombie (D:7)
  7 rats
243 creatures vanquished.

Vanquished Creatures (others)
  A sky beast (D:8)
  A worker ant (D:6)
2 creatures vanquished.

Grand Total: 245 creatures vanquished

Notes
Turn   | Place    | Note
--------------------------------------------------------------
     0 | D:1      | Liquid the Human Fighter began the quest for the Orb.
     0 | D:1      | Reached XP level 1. HP: 18/18 MP: 1/1
   118 | D:1      | Reached XP level 2. HP: 24/24 MP: 2/2
   908 | D:1      | Reached XP level 3. HP: 29/29 MP: 3/3
  1283 | D:2      | Reached skill level 3 in Polearms
  1283 | D:2      | Reached XP level 4. HP: 8/35 MP: 4/4
  1829 | D:2      | Reached XP level 5. HP: 38/41 MP: 5/5
  1944 | D:2      | You fall through a shaft!
  2060 | D:3      | Found an oddly glowing altar of Pakellas.
  2477 | D:2      | Noticed Natasha
  2483 | D:2      | Killed Natasha
  2554 | D:2      | Noticed Natasha
  2573 | D:2      | Killed Natasha
  2625 | D:2      | Noticed Natasha
  2641 | D:2      | Killed Natasha
  2641 | D:2      | Reached XP level 6. HP: 27/48 MP: 6/6
  2810 | D:2      | Reached skill level 4 in Polearms
  2865 | D:2      | Noticed Robin
  2904 | D:2      | Killed Robin
  4063 | D:4      | Reached XP level 7. HP: 43/54 MP: 7/7
  4282 | D:4      | Reached skill level 5 in Polearms
  4326 | D:4      | Found Esoedd's Antique Armour Shop.
  4617 | D:5      | Entered Level 5 of the Dungeon
  4807 | D:5      | Found a white marble altar of Elyvilon.
  4818 | D:5      | Reached XP level 8. HP: 56/61 MP: 8/8
  4825 | D:5      | Became a worshipper of Elyvilon the Healer
  5168 | D:5      | Reached skill level 5 in Fighting
  5168 | D:5      | Reached skill level 6 in Polearms
  5187 | D:5      | Found a staircase to the Ecumenical Temple.
  5196 | Temple   | Entered the Ecumenical Temple
  5206 | Temple   | Fell from the grace of Elyvilon
  5206 | Temple   | Became a worshipper of Zin the Law-Giver
  5206 | Temple   | Reached * piety under Zin
  5341 | D:5      | Noticed Menkaure
  5372 | D:5      | Killed Menkaure
  5688 | D:5      | Reached skill level 5 in Armour
  5688 | D:5      | Reached skill level 5 in Shields
  6066 | D:6      | Noticed Pikel
  6477 | D:6      | Reached skill level 7 in Polearms
  6477 | D:6      | Reached XP level 9. HP: 61/68 MP: 9/9
  6844 | D:6      | Killed Pikel
  7120 | D:6      | Got a shimmering ring mail
  7131 | D:6      | Identified the +4 ring mail of the Griffon {MR+} (You found it on level 6 of the Dungeon)
  7202 | D:6      | Reached ** piety under Zin
  7282 | D:6      | Reached skill level 8 in Polearms
  7420 | D:6      | Found a bloodstained altar of Trog.
  7699 | D:7      | Found Uproiw's General Store.
  7920 | D:7      | Reached *** piety under Zin
  8160 | D:7      | Reached XP level 10. HP: 54/77 MP: 12/12
  8188 | D:7      | Got a transparent dagger {pierce}
  8190 | D:7      | Identified the +6 dagger "Tuotix" {pierce, +Blink rF+} (You took it off an orc wizard on level 7 of the Dungeon)
  8416 | D:7      | Reached skill level 9 in Polearms
  9330 | D:8      | Noticed a hill giant
  9551 | D:4      | Bought a cloak for 103 gold pieces
  9551 | D:4      | Bought a spiked chain mail for 218 gold pieces
  9562 | D:4      | Identified the +7 chain mail of the Depths {rPois rC++ Stlth+} (You bought it in a shop on level 4 of the Dungeon)
  9787 | D:9      | Found a staircase to the Lair.
  9965 | D:8      | Reached skill level 5 in Invocations
 10085 | D:9      | Noticed Erolcha
 10097 | D:9      | Killed Erolcha
 10097 | D:9      | Reached skill level 10 in Polearms
 10154 | D:9      | Reached XP level 11. HP: 70/84 MP: 15/15
 10283 | D:9      | Found a radiant altar of Vehumet.
 10291 | D:9      | Found a snail-covered altar of Cheibriados.
 10298 | D:9      | Found a basalt altar of Yredelemnul.
 10305 | D:9      | Found a sacrificial altar of Ru.
 10312 | D:9      | Found a bloodstained altar of Trog.
 10322 | D:9      | Found a shadowy altar of Dithmenos.
 10333 | D:9      | Found a sparkling altar of Nemelex Xobeh.
 10875 | D:10     | Entered Level 10 of the Dungeon
 10989 | D:10     | Noticed a five-headed hydra
 10989 | D:10     | Noticed a tengu warrior
 11064 | D:10     | Reached **** piety under Zin
 11122 | D:10     | Noticed a hill giant
 11145 | D:10     | Killed a hill giant
 11326 | D:10     | Noticed roberto's ghost (novice TrMo)
 11383 | D:9      | Reached skill level 11 in Polearms
 11523 | D:9      | Noticed a three-headed hydra
 11554 | D:9      | Killed a three-headed hydra
 11840 | D:10     | HP: 2/87 [roberto's ghost (26)]
 11869 | D:10     | HP: 4/87 [roberto's ghost (17)]
 11877 | D:10     | HP: 4/87 [sky beast (1)]
 11877 | D:10     | Slain by a sky beast

Skill      XL: |  1  2  3  4  5  6  7  8  9 10 11 |
---------------+----------------------------------+-----
Polearms       | 3 4 5 7 8 10 11 | 11.2
Fighting       | 4 5 6 7 8 |  8.4
Shields        | 4 5 |  5.4
Armour         | 4 5 6 7 8 |  8.3
Invocations    | 3 5 6 |  6.6

Action                   |  1- 3 |  4- 6 |  7- 9 | 10-12 || total
-------------------------+-------+-------+-------+-------++-------
Melee: Trident           |    97 |   301 |   525 |   549 ||  1472
Throw: Throwing net      |       |       |     9 |    10 ||    19
Invok: Recite            |       |       |     2 |       ||     2
  Use: Scroll            |       |     7 |     5 |     4 ||    16
       Potion            |       |     3 |     1 |     6 ||    10
 Stab: Distracted        |       |     1 |       |       ||     1
       Held in net/web   |       |       |     1 |       ||     1
  Eat: Chunk             |     1 |     8 |    10 |    12 ||    31
       Fruit             |       |       |     2 |     2 ||     4
       Pizza             |       |       |     1 |       ||     1
       Beef jerky        |       |       |     1 |       ||     1
Armor: Scale mail        |    24 |       |       |       ||    24
       Chain mail        |     8 |   141 |   153 |   160 ||   462
       Ring mail         |       |       |    46 |    55 ||   101
Dodge: Dodged            |    15 |    51 |    83 |   111 ||   260
Block: Shield            |    35 |   139 |   217 |   188 ||   579
